 Dungeon Crawl Stone Soup version 0.32-a0-940-g8c197d95f1 (webtiles) character file.

Game seed: 5397971803225523555

17652 Revguard the Blocker (level 12, -2/100 HPs)
             Began as a Demonspawn Fighter on Apr 16, 2024.
             Was an Elder of Makhleb.
             Hit by a javelin thrown by a minotaur (15 damage)
             ... in a Gauntlet.
             The game lasted 00:31:11 (10680 turns).

Revguard the Blocker (Demonspawn Fighter)          Turns: 10680, Time: 00:31:12

Health: -2/100     AC: 16    Str: 18    XL:     12   Next: 20%
Magic:  18/18      EV:  4    Int: 12    God:    Makhleb [****..]
Gold:   416        SH: 15    Dex: 12    Spells: 11/11 levels left

rFire   . . .        a - +3 war axe (elec)
rCold   + + +        h - +0 tower shield {rC+}
rNeg    + . .        L - +0 plate armour {rC+}
rPois   .            (no helmet)
rElec   .            n - +0 cloak
rCorr   .            (no gloves)
SInv    +            (no boots)
Will    .....        d - amulet of regeneration Stlth
                     v - ring "Rarabemn" {rC+ rN+ Str-4 Int+3 SInv}
HPRegen 1.16/turn    c - +4 ring of slaying
MPRegen 0.16/turn

%: no teleportation
@: mighty
A: hooves 2, slimy green scales 1, powered by death 1, spiny 2, robust 1
a: Renounce Religion, Minor Destruction, Lesser Servant of Makhleb, Major
Destruction


You were in a Gauntlet.
You worshipped Makhleb.
Makhleb was greatly pleased with you.
You visited 2 branches of the dungeon, and saw 13 of its levels.
You also visited: Gauntlet and Ice Cave.

You collected 1262 gold pieces.
You spent 846 gold pieces at shops.

Inventory:

Hand Weapons
 a - a +3 war axe of electrocution (weapon)
 J - the +9 whip "Bubaoc" {flame, +Blink rF++ Str-4}
   (You found it on level 8 of the Dungeon)

   Str-4:     It affects your strength (-4).
   rF++:      It greatly protects you from fire.
   +Blink:    It lets you blink.
Armour
 h - a +0 tower shield of cold resistance (worn)
 n - a +0 cloak (worn)
 I - +0 ice dragon scales
 L - a +0 plate armour of cold resistance (worn)
Jewellery
 c - a +4 ring of slaying (right hand)
 d - an amulet of regeneration (around neck)
 g - an amulet of reflection
 i - a ring of resist corrosion
 r - a ring of flight
 v - the ring "Rarabemn" (left hand) {rC+ rN+ Str-4 Int+3 SInv}
   (You found it in a Gauntlet)

   [ring of see invisible]

   Str-4:     It affects your strength (-4).
   Int+3:     It affects your intelligence (+3).
   rC+:       It protects you from cold.
   rN+:       It protects you from negative energy.
   SInv:      It lets you see invisible.
 z - a +6 ring of dexterity
 M - a ring of positive energy
 N - a +5 ring of evasion
Wands
 b - a wand of charming (10)
 e - a wand of mindburst (6)
 o - a wand of flame (41)
 A - a wand of polymorph (17)
 C - a wand of roots (9)
 K - a wand of light (1)
Scrolls
 f - a scroll of brand weapon
 k - 3 scrolls of butterflies
 l - 13 scrolls of teleportation
 q - 2 scrolls of fog
 t - 2 scrolls of fear
 y - 3 scrolls of amnesia
 D - 2 scrolls of torment
Potions
 j - 6 potions of curing
 m - 3 potions of brilliance
 p - a potion of lignification
 s - 4 potions of resistance
 u - 2 potions of cancellation
 x - 3 potions of ambrosia
 B - 2 potions of attraction
 H - 5 potions of enlightenment


   Skills:
 + Level 7.6 Fighting
 * Level 9.0 Axes
 + Level 6.8 Armour
 + Level 6.0 Dodging
 * Level 9.3 Shields
 + Level 8.8 Invocations
 + Level 6.6 Evocations


You had 11 spell levels left.
You didn't know any spells.
Your spell library contained the following spells:

 Spells                   Type           Power      Damage    Failure   Level
 Magic Dart               Conj           0%         1d3       100%        1
 Blink                    Tloc           0%         N/A       100%        2
 Call Imp                 Summ           0%         N/A       100%        2
 Cigotuvi's Dreadful Rot  Necr/Alch/Air  0%         N/A       100%        2
 Ensorcelled Hibernation  Hex/Ice        0%         N/A       100%        2
 Mercury Vapours          Alch/Air       0%         N/A       100%        2
 Fugue of the Fallen      Necr           0%         N/A       100%        3
 Hailstorm                Conj/Ice       0%         3d5       100%        3
 Inner Flame              Hex/Fire       0%         N/A       100%        3
 Mephitic Cloud           Conj/Alch/Air  0%         N/A       100%        3
 Summon Ice Beast         Ice/Summ       0%         N/A       100%        3
 Anguish                  Hex/Necr       0%         N/A       100%        4
 Flame Wave               Conj/Fire      0%         2d4       100%        4
 Sticky Flame             Fire/Alch      0%         2d4       100%        4
 Freezing Cloud           Conj/Ice/Air   0%         6-21      100%        5
 Permafrost Eruption      Ice/Erth       0%         2x4d1     100%        6
 Sculpt Simulacrum        Ice/Alch       0%         N/A       100%        6
 Ozocubu's Refrigeration  Ice            0%         4d7       100%        7
 Summon Horrible Things   Summ           0%         N/A       100%        8
 Polar Vortex             Ice            0%         N/A       100%        9


Dungeon Overview and Level Annotations

Branches:
Dungeon (12/15)            Temple (1/1) D:4            Lair (0/5) D:8
    Orc (0/2) D:12          IceCv (visited)         Gauntlet (1/1)

Altars:
Ashenzari
Cheibriados
Dithmenos
Fedhas
Gozag
Hepliaklqana
Kikubaaqudgha
Makhleb
Nemelex Xobeh
Okawaru
Qazlal
Ru
Sif Muna
Trog
Uskayaw
Vehumet
Wu Jian
Xom
Yredelemnul

Shops:
D:5 ?   D:7 [   D:8 =   D:9 *

Annotations:
Gauntlet 12 transporters, 21 runed translucent doors


Innate Abilities, Weirdness & Mutations

You have hoof-like feet.
You are partially covered in slimy green scales. (AC +2)
You regenerate a little health from kills.
You are mostly covered in sharp spines.
You are robust. (+10% HP)


Message History

The minotaur throws a javelin.
The javelin pierces through you.
Aiming: Bolt of Light
Press: ? - help, Shift-Dir - straight line, f - minotaur
Aim: a minotaur, wielding a +3 heavy battleaxe, wearing a +0 plate armour, wearing a +6 ring of dexterity and quivering javelins (88% to hit)
The bolt of light hits the minotaur!!
The minotaur is moderately wounded.
The minotaur is blinded.
The minotaur throws a javelin.
The javelin barely misses you.
Aiming: Fastroot
Press: ? - help, Shift-Dir - straight line, f/p - minotaur
Aim: a minotaur, wielding a +3 heavy battleaxe, wearing a +0 plate armour, wearing a +6 ring of dexterity and quivering javelins (moderately wounded, blind, unable to see you)
The roots erupt in riotous growth!
Roots grab the minotaur.
The grasping roots constrict the minotaur.
The minotaur throws a javelin.
The javelin pierces through you!!
Found an embroidered robe and a glowing dagger.
Found a gate leading back out of this place.
The grasping roots constrict the minotaur!
The minotaur struggles to escape constriction.
There is an open door here.
The grasping roots constrict the minotaur, but do no damage.
The minotaur throws a javelin.
The javelin pierces through you!!
Aiming: Bolt of Light
Press: ? - help, Shift-Dir - straight line, f/p - minotaur
Aim: a minotaur, wielding a +3 heavy battleaxe, wearing a +0 plate armour, wearing a +6 ring of dexterity and quivering javelins (heavily wounded, blind, unable to see you, constricted by roots, 100% to hit)
The bolt of light hits the minotaur!
The minotaur is heavily wounded.
The grasping roots constrict the minotaur!
You grasping roots sink back into the ground.
You closely miss the minotaur.
You kick the minotaur, but do no damage.
The minotaur is heavily wounded.
The minotaur is no longer blind.
The minotaur hits you with a +3 heavy battleaxe!!
* * * LOW HITPOINT WARNING * * *
The minotaur gores you but does no damage.
Okay, then.
A demon appears!
The minotaur throws a javelin.
The javelin pierces through you!
You die...

#################################
#ß# #ß##≈.§.............≈##ß# #ß#
### ####ß..©.©.©.©.©.©..ß#### ###
#§§..............≈#
###.#.#######.#.###
#.#....#....#.# #.#.##.#.##.#.#
#.....4.......# #.#..##@##..#.#
#.#..#ß.ß#..#.# #....#.H.#....#
###ß.#ß.ß#.ß### ####=.[#### #ß.ß#
#}.)# #ß∩ß# #####


You could see a minotaur (ally target) and a friendly orange demon (summoned).

Vanquished Creatures
  A white draconian (IceCv)
  Snorg (D:10)
  A ghost crab (Gauntlet)
  2 two-headed ogres
  The ghost of Revguard the Trooper, a novice DsGl of Wu Jian (D:10)
  A manticore (D:11)
  A worldbinder (Gauntlet)
  A cyclops (D:12)
  Maurice (D:11)
  2 ice statues (IceCv)
  A komodo dragon (D:10)
  5 rime drakes
  2 freezing wraiths (D:10)
  An ice devil (Gauntlet)
  4 trolls
  A harpy zombie (D:11)
  A polar bear (D:8)
  A hornet (D:9)
  Sigmund (D:5)
  3 shadows (D:10)
  A wyvern (D:8)
  3 wraiths
  7 yaks
  2 steam dragons
  A two-headed ogre zombie (D:11)
  8 vampire mosquitoes (D:11)
  2 acid dragons
  2 water moccasins
  Duvessa (D:5)
  2 orc warriors
  A laughing skull (D:11)
  2 elephant zombies (D:11)
  3 ice beasts (D:8)
  An ogre (D:6)
  3 wolves (D:8)
  A black bear (D:6)
  2 boggarts (Gauntlet)
  2 centaurs
  A phantom (D:6)
  A scorpion (D:6)
  4 bullfrogs
  3 wights (D:7)
  2 spriggan zombies (D:11)
  Dowan (D:5)
  8 killer bees (D:9)
  A lindwurm simulacrum (IceCv)
  7 howler monkeys
  A bombardier beetle (D:3)
  A wolf zombie (D:11)
  8 komodo dragon simulacra (IceCv)
  7 hounds
  A centaur zombie (D:11)
  A jelly (D:7)
  4 orc priests
  A sleepcap (D:5)
  5 iguanas
  5 orc wizards
  5 killer bee zombies (D:11)
  5 acid dragon simulacra (IceCv)
  9 adders
  A shadow imp (D:5)
  16 white imps
  2 ufetubi (D:4)
  7 steam dragon simulacra (IceCv)
  2 ribbon worms (D:2)
  2 dart slugs
  21 orcs
  5 ball pythons
  7 endoplasms
  7 giant cockroaches
  14 goblins
  4 hobgoblins
  8 jackals
  6 bats
  2 frilled lizards (D:2)
  5 kobolds
  6 rats
272 creatures vanquished.

Vanquished Creatures (others)
  A laughing skull (D:11)
1 creature vanquished.

Grand Total: 273 creatures vanquished

Notes
Turn   | Place    | Note
-------+----------+-------------------------------------------
     0 | D:1      | Revguard the Demonspawn Fighter began the quest for the
                  | Orb.
     0 | D:1      | Reached XP level 1. HP: 18/18 MP: 1/1
   211 | D:1      | Gained mutation: You regenerate a little health from kills.
                  | [demonic ancestry]
   211 | D:1      | Reached XP level 2. HP: 22/24 MP: 2/2
   476 | D:1      | Reached XP level 3. HP: 29/29 MP: 3/3
   637 | D:2      | Reached skill level 1 in Invocations
   648 | D:2      | Found a hazy altar of Hepliaklqana.
  1321 | D:2      | Gained mutation: You have large cloven feet. [demonic
                  | ancestry]
  1321 | D:2      | Reached XP level 4. HP: 24/35 MP: 5/5
  1995 | D:3      | Noticed a centaur
  2005 | D:3      | Killed a centaur
  2006 | D:3      | Reached skill level 1 in Dodging
  2006 | D:3      | Reached skill level 1 in Evocations
  2006 | D:3      | Gained mutation: You are partially covered in sharp spines.
                  | [demonic ancestry]
  2006 | D:3      | Reached XP level 5. HP: 16/41 MP: 6/6
  2449 | D:4      | Gained mutation: You have hoof-like feet. [demonic
                  | ancestry]
  2449 | D:4      | Reached XP level 6. HP: 47/47 MP: 7/7
  2612 | D:4      | Found a staircase to the Ecumenical Temple.
  2629 | Temple   | Entered the Ecumenical Temple
  2676 | Temple   | Became a worshipper of Makhleb the Destroyer
  3023 | D:4      | Found a snail-covered altar of Cheibriados.
  3259 | D:5      | Entered Level 5 of the Dungeon
  3259 | D:5      | Noticed Duvessa
  3259 | D:5      | Noticed Dowan
  3264 | D:5      | Killed Dowan
  3276 | D:5      | Killed Duvessa
  3341 | D:5      | Gained mutation: You are partially covered in slimy green
                  | scales. (AC +2) [demonic ancestry]
  3341 | D:5      | Reached XP level 7. HP: 53/53 MP: 9/9
  3441 | D:5      | Found a stormy altar of Qazlal.
  3441 | D:5      | Found a basalt altar of Yredelemnul.
  3482 | D:5      | Noticed Sigmund
  3489 | D:5      | Killed Sigmund
  3515 | D:5      | Found Ucwunulo's Magic Scroll Boutique.
  3523 | D:5      | Bought 3 scrolls of teleportation for 99 gold pieces
  3523 | D:5      | Bought a scroll of identify for 22 gold pieces
  3523 | D:5      | Bought 3 scrolls of identify for 66 gold pieces
  3523 | D:5      | Bought a scroll of enchant weapon for 82 gold pieces
  3915 | D:5      | Identified the +8 rapier of the Heart {venom, Will- rCorr
                  | Dex+4}
  4172 | D:6      | Found an ancient bone altar of Kikubaaqudgha.
  4231 | D:6      | Reached skill level 5 in Shields
  4231 | D:6      | Reached XP level 8. HP: 61/61 MP: 10/10
  4830 | D:7      | Reached skill level 5 in Axes
  4945 | D:7      | Found Zyri's Armour Shop.
  5051 | D:7      | Reached XP level 9. HP: 63/67 MP: 12/12
  5164 | D:7      | Reached * piety under Makhleb
  5675 | D:7      | Bought a +1 kite shield of protection for 181 gold pieces
  5705 | D:8      | Found Hiteidd's Jewellery Emporium.
  5709 | D:8      | Reached skill level 5 in Fighting
  5709 | D:8      | Reached skill level 5 in Invocations
  5763 | D:8      | Noticed a rime drake
  5765 | D:8      | Noticed a polar bear
  5775 | D:8      | Killed a polar bear
  5777 | D:8      | Killed a rime drake
  5790 | D:8      | Reached skill level 5 in Armour
  5842 | D:8      | Found a staircase to the Lair.
  5843 | D:8      | Identified the +9 whip "Bubaoc" {flame, +Blink rF++ Str-4}
  5871 | D:8      | Noticed a two-headed ogre
  5887 | D:8      | Killed a two-headed ogre
  5888 | D:8      | Reached XP level 10. HP: 45/76 MP: 14/14
  6416 | D:9      | Reached ** piety under Makhleb
  6531 | D:9      | Found an ornate altar of the Wu Jian Council.
  6680 | D:9      | Found Emituriy's Clear Minds Boutique.
  6739 | D:9      | Reached skill level 5 in Evocations
  7029 | D:9      | Found a bloodstained altar of Trog.
  7188 | D:10     | Entered Level 10 of the Dungeon
  7226 | D:10     | Noticed Snorg
  7240 | D:10     | Killed Snorg
  7298 | D:10     | Found a runed translucent gate.
  7298 | D:10     | Found a runed translucent gate.
  7298 | D:10     | Found a runed translucent gate.
  7303 | D:10     | Noticed Revguard's ghost (novice DsGl)
  7627 | D:10     | Got the Volume of the Congregated Autopsy
  7655 | D:10     | Found an iron altar of Okawaru.
  8133 | D:11     | Noticed a manticore
  8139 | D:11     | Killed a manticore
  8140 | D:11     | Reached skill level 5 in Dodging
  8140 | D:11     | Reached XP level 11. HP: 43/83 MP: 16/16
  8142 | D:11     | Found a frozen archway.
  8175 | IceCv    | Entered an ice cave
  8193 | IceCv    | Reached *** piety under Makhleb
  8276 | IceCv    | Gained mutation: Your spells are a little harder to cast,
                  | but a little more powerful. [potion of mutation]
  8276 | IceCv    | Lost mutation: Your spells are a little harder to cast, but
                  | a little more powerful. [potion of mutation]
  8276 | IceCv    | Gained mutation: You are robust. (+10% HP) [potion of
                  | mutation]
  8999 | IceCv    | Noticed a white draconian
  9017 | IceCv    | Killed a white draconian
  9074 | IceCv    | Identified the amulet "Wuavvum" {rPois rF+ RegenMP+ Int+4
                  | Stlth+}
  9338 | D:8      | Bought a +4 ring of slaying for 396 gold pieces
  9433 | D:10     | Killed Revguard's ghost
  9517 | D:11     | Noticed Maurice
  9536 | D:11     | Killed Maurice
  9589 | D:11     | Noticed a two-headed ogre
  9597 | D:11     | Killed a two-headed ogre
  9776 | D:11     | Found a basalt altar of Yredelemnul.
  9801 | D:11     | Reached **** piety under Makhleb
 10030 | D:12     | Gained mutation: You are mostly covered in sharp spines.
                  | [demonic ancestry]
 10030 | D:12     | Reached XP level 12. HP: 58/100 MP: 18/18
 10043 | D:12     | Found a gate leading to a gauntlet.
 10053 | Gauntlet | Entered a Gauntlet
 10053 | Gauntlet | Found a transporter.
 10062 | Gauntlet | Found a transporter.
 10077 | Gauntlet | Found a transporter.
 10079 | Gauntlet | Found a large runed translucent door.
 10079 | Gauntlet | Found a large runed translucent door.
 10080 | Gauntlet | Found a large runed translucent door.
 10080 | Gauntlet | Found a large runed translucent door.
 10081 | Gauntlet | Found a large runed translucent door.
 10081 | Gauntlet | Found a large runed translucent door.
 10081 | Gauntlet | Found a runed translucent door.
 10081 | Gauntlet | Found a runed translucent door.
 10081 | Gauntlet | Found a large runed translucent door.
 10082 | Gauntlet | Found a transporter.
 10097 | Gauntlet | Found a transporter.
 10097 | Gauntlet | Found the macabre finger necklace {Finger+ rN+}
 10112 | Gauntlet | Found a large runed translucent door.
 10113 | Gauntlet | Found a large runed translucent door.
 10114 | Gauntlet | Found a large runed translucent door.
 10114 | Gauntlet | Found a large runed translucent door.
 10115 | Gauntlet | Found a runed translucent gate.
 10116 | Gauntlet | Found a transporter.
 10116 | Gauntlet | Found a runed translucent gate.
 10117 | Gauntlet | Found a runed translucent gate.
 10118 | Gauntlet | Found a large runed translucent door.
 10118 | Gauntlet | Found a large runed translucent door.
 10119 | Gauntlet | Found a large runed translucent door.
 10120 | Gauntlet | Found a large runed translucent door.
 10127 | Gauntlet | Noticed a six-headed hydra
 10128 | Gauntlet | Found a transporter.
 10140 | Gauntlet | Found a transporter.
 10141 | Gauntlet | Noticed a catoblepas
 10152 | Gauntlet | Found a transporter.
 10158 | Gauntlet | Found a transporter.
 10173 | Gauntlet | Found a transporter.
 10188 | Gauntlet | Noticed a ghost crab
 10190 | Gauntlet | Found a transporter.
 10208 | Gauntlet | Found a transporter.
 10210 | Gauntlet | Found a transporter.
 10236 | Gauntlet | Found a transporter.
 10238 | Gauntlet | Found a transporter.
 10258 | Gauntlet | Found a transporter.
 10332 | Gauntlet | Found a large runed translucent door.
 10336 | Gauntlet | Found a transporter.
 10593 | Gauntlet | Killed a ghost crab
 10602 | Gauntlet | Identified the ring "Rarabemn" {rC+ rN+ Str-4 Int+3 SInv}
 10671 | Gauntlet | Noticed a minotaur
 10680 | Gauntlet | Hit by a javelin thrown by a minotaur

Illustrated notes

Levels and vault maps discovered:
D:1:      heliophobic_arrival_glass_houses, layout_basic
D:2:      minmay_razor_zed, layout_loops_ring, basic_altar
D:3:      layout_basic
D:4:      cheibrodos_pilgrimage, layout_basic, lemuel_doored_altar,
          temple_statues
D:5:      layout_gridville, jmf_multi_god_temple, serial_shops, shop_statue,
          minmay_misc_feat_secret_circle, minmay_misc_feat_four_crosses,
          lemuel_flamethrower_2, uniq_duvessa, uniq_sigmund
D:6:      layout_loops_ring, kiku_gazebo_garden_becter, uniq_maggie
D:7:      layout_loops_corners, serial_shops, kennysheep_little_box,
          nicolae_concentric_dashed_squares_mild
D:8:      layout_basic, hellmonk_lair_entry_icy, serial_shops,
          nicolae_shop_gaudy_bauble, serial_curves, eino_curves_01,
          eino_curves_03, dreamdust_mushroom_princess
D:9:      layout_long_grid, trog_book, pdpol_wu_jian_five_deadly_venoms,
          nicolae_clarity_for_sale
D:10:     layout_stronghold, old_standard_altar, gammafunk_ghost_spectres,
          kennysheep_crisscross, eino_tiny_chamber, kennysheep_generic_room_11,
          uniq_snorg
D:11:     layout_cave_pools, portal_ice_cave_entry_imps, minmay_misc_feat_tiny,
          roadster_capsule_ark_zombie, uniq_maurice
D:12:     layout_long_grid, orc_0_dummy, gauntlet_entry_generic,
          hangedman_ru_absence
Temple:   bh_familiar_temple
Gauntlet: gammafunk_gauntlet_one_two_three [gammafunk_gauntlet_arena_open,
          nicolae_gauntlet_arena_blocks, gammafunk_gauntlet_arena_corners,
          gammafunk_gauntlet_arena_arrow_garden,
          gammafunk_gauntlet_arena_split_x, gammafunk_gauntlet_arena_teeth,
          nicolae_gauntlet_swirl, minmay_gauntlet_arena_make_your_own_arena,
          gammafunk_gauntlet_arena_hedges,
          nicolae_gauntlet_exit_dead_adventurers]

Skill      XL: |  1  2  3  4  5  6  7  8  9 10 11 12 |
---------------+-------------------------------------+-----
Axes           | 2 3 4 5 6 7 8 9 |  9.0
Shields        | 3 4 5 6 7 9 |  9.3
Invocations    | 1 2 3 4 6 7 8 |  8.8
Armour         | 3 4 5 6 |  6.8
Dodging        | 1 2 3 4 5 6 |  6.0
Evocations     | 1 2 3 4 5 6 |  6.6
Fighting       | 4 5 6 7 |  7.6

Action                     |  1- 3 |  4- 6 |  7- 9 | 10-12 || total
---------------------------+-------+-------+-------+-------++-------
  Melee: War axe           |   118 |   109 |   164 |   378 ||   769
         Kick              |       |    30 |    44 |   131 ||   205
 Invoke: Minor Destruction |       |       |       |    11 ||    11
         Lesser Servant of |       |       |       |     3 ||     3
  Evoke: Wand              |       |       |     4 |    16 ||    20
    Use: Potion            |       |     4 |     1 |     6 ||    11
         Scroll            |       |       |    11 |    15 ||    26
   Stab: Invisible         |       |       |       |     2 ||     2
 Armour: Scale mail        |    85 |   112 |       |       ||   197
         Plate armour      |       |       |   165 |   378 ||   543
         Chain mail        |       |       |    21 |       ||    21
         Ice dragon scales |       |       |       |    16 ||    16
  Dodge: Dodged            |    48 |    61 |    44 |   113 ||   266
  Block: Buckler           |    74 |    50 |    28 |       ||   152
         Reflection        |     2 |     2 |       |       ||     4
         Kite shield       |       |       |    56 |   181 ||   237
         Tower shield      |       |       |       |   142 ||   142

Table legend: (Time is in decaauts)
 A = Elapsed time spent in this place.
 B = Non-inter-level travel time spent in this place.
 C = Inter-level travel time spent in this place.
 D = Time resting spent in this place.
 E = Time spent auto-exploring this place.
 F = Levels seen in this place.
 G = Mean time per level.
                   A        B        C        D        E       F      G
               +--------+--------+--------+--------+--------+-----+--------+
         Total |  10876 |  10232 |    644 |    744 |   6900 |  15 |  725.1 |
       Dungeon |   9107 |   8481 |    626 |    117 |   6460 |  12 |  758.9 |
        Temple |     65 |     47 |     18 |      0 |      0 |   1 |   65.0 |
      Ice Cave |   1073 |   1073 |      0 |    596 |    128 |   1 | 1073.0 |
      Gauntlet |    630 |    630 |      0 |     31 |    312 |   1 |  630.0 |
               +--------+--------+--------+--------+--------+-----+--------+

Top non-repeatable levels by time:
   IceCv: 1073 daAuts
    D:10: 1032 daAuts
     D:7: 939 daAuts
     D:2: 936 daAuts
     D:9: 882 daAuts
     D:3: 862 daAuts
     D:4: 858 daAuts
     D:5: 801 daAuts
     D:8: 787 daAuts
     D:6: 721 daAuts
Gauntlet: 630 daAuts
     D:1: 623 daAuts
    D:11: 562 daAuts
    D:12: 97 daAuts
  Temple: 65 daAuts
